Workbook
Name Constr: '24802'!#REF!
Name Constr: '24818'!#REF!
Name Constr: '24820'!$A$1
Name Constr: '24831'!$A$7
Name Constr: '24841'!$A$7
Name FOT: '24802'!$D$14
Name FOT: '24818'!$D$12
Name FOT: '24820'!$D$15
Name FOT: '24831'!$D$14
Name FOT: '24841'!$D$14
Name Ind: '24802'!#REF!
Name Ind: '24818'!#REF!
Name Ind: '24820'!#REF!
Name Ind: '24831'!$H$9
Name Ind: '24841'!$H$9
Name Obj: '24802'!$E$7
Name Obj: '24818'!$E$7
Name Obj: '24820'!$D$7
Name Obj: '24831'!$E$12
Name Obj: '24841'!#REF!
Name Obosn: '24802'!$D$10
Name Obosn: '24818'!$D$10
Name Obosn: '24820'!$D$10
Name Obosn: '24831'!#REF!
Name Obosn: '24841'!$D$12
Name SmPr: '24802'!$D$11
Name SmPr: '24818'!$D$11
Name SmPr: '24820'!$D$11
Name SmPr: '24831'!$D$13
Name SmPr: '24841'!$D$13
Name аааааппппппрррппппппп: #REF!
Name аааааппппппрррппппппп: #REF!
Name аараооооооооооооо: #REF!
Name аараооооооооооооо: #REF!
Name автом: #REF!
Name автом: #REF!
Name алшрльоплварл: #REF!
Name алшрльоплварл: #REF!
Name аолвлддддддддддддддддввввввввв: #REF!
Name аолвлддддддддддддддддввввввввв: #REF!
Name апарв: #REF!
Name апарв: #REF!
Name апрлдджаоырыфрпопрлпрлпрлп: #REF!
Name апрлдджаоырыфрпопрлпрлпрлп: #REF!
Name арлггаджаш: #REF!
Name арлггаджаш: #REF!
Name ароррбллтблпроорапииас: #REF!
Name ароррбллтблпроорапииас: #REF!
Name арррррблллпдрлдддддддддд: #REF!
Name арррррблллпдрлдддддддддд: #REF!
Name варпаааааааааа: #REF!
Name варпаааааааааа: #REF!
Name ввпьььььлднд: #REF!
Name ввпьььььлднд: #REF!
Name вед: #REF!
Name вед: #REF!
Name вертикальная: #REF!
Name вертикальная: #REF!
Name вертикплан: #REF!
Name вертикплан: #REF!

Sheet 24802
A1: СОГЛАСОВАНО: | E1: ФГУП "Комбинат "Электрохимприбор" | M1: УТВЕРЖДАЮ:
G2: (наименование стройки) | M2: Зам. генерального директора
A3: _____________________________ | M3: Е.В.Гордеев
A4: " _____ " ________________ 2013г. | G4: ЛОКАЛЬНЫЙ СМЕТНЫЙ РАСЧЕТ № 24802
G5: (локальная смета) | M5: "______ " __________2013 г.
C7: на | D7: Теплосеть. Поселок Горный. Насосно-фильтровальная станция.Отстойник-осветлитель промывных вод
H8: (наименование работ и затрат, наименование объекта)
D10: Основание: Проект № 24555-13-ТС
D11: Сметная стоимость _______________________________________________________________________________________________ | J11: ___________________________113,355 | L11: тыс. руб.
D12: строительных работ _______________________________________________________________________________________________ | J12: _______________________________________________________________________________________________106,612 | L12: тыс. руб.
D13: монтажных работ _______________________________________________________________________________________________ | J13: _______________________________________________________________________________________________6,743 | L13: тыс. руб.
D14: Средства на оплату труда _______________________________________________________________________________________________ | J14: ___________________________10,519 | L14: тыс. руб.
D15: Сметная трудоемкость _______________________________________________________________________________________________ | J15: _______________________________________________________________________________________________723,04 | L15: чел.час
D16: Материалы ___________________________________________________________ | J16: =J120/1000 -> 77.579 | L16: тыс.руб.
D17: Составлен(а) в базовых ценах 2001г. в редакции 2009г.
A19: № пп | B19: Обоснование | C19: Наименование | D19: Ед. изм. | E19: Кол. | F19: Стоимость единицы, руб. | J19: Общая стоимость, руб. | N19: Т/з осн. раб.на ед. | O19: Т/з осн. раб. Всего | P19: Т/з мех. на ед. | Q19: Т/з мех. Всего
F20: Всего | G20: В том числе | J20: Всего | K20: В том числе
G21: Осн.З/п | H21: Эк.Маш | I21: З/пМех | K21: Осн.З/п | L21: Эк.Маш | M21: З/пМех
A22: 1 | B22: 2 | C22: 3 | D22: 4 | E22: 5 | F22: 6 | G22: 7 | H22: 8 | I22: 9 | J22: 10 | K22: 11 | L22: 12 | M22: 13 | N22: 14 | O22: 15 | P22: 16 | Q22: 17
A23: Раздел 1. Разборка.
A24: 1 | B24: ТЕР24-01-004-02 прим. | C24: Разборка трубопроводов диаметр труб до 70 мм по существующим опорам. КОЭФ. К ПОЗИЦИИ: Разборка ОЗП=0,6; МАТ=0 | D24: 1 км | E24: 0.042 | F24: 10562.84 | G24: 3739.97 | H24: 6822.87 | I24: 735.07 | J24: 444 | K24: 157 | L24: 287 | M24: 31 | N24: 271.8 | O24: 11.42 | P24: 44.02 | Q24: 1.85
A25: 2 | B25: ТЕР24-01-004-01 прим. | C25: Разборка трубопроводов диаметр труб 50 мм по существующим опорам. КОЭФ. К ПОЗИЦИИ: Разборка. ОЗП=0,6; МАТ=0 | D25: 1 км | E25: 0.042 | F25: 10303.52 | G25: 3566.59 | H25: 6736.93 | I25: 722.84 | J25: 433 | K25: 150 | L25: 283 | M25: 30 | N25: 259.2 | O25: 10.89 | P25: 43.03 | Q25: 1.81
A26: 3 | B26: ТЕР09-03-039-01 прим. | C26: Разборка опорных конструкций массой: до 0,1 т КОЭФ. К ПОЗИЦИИ: 5.Прил.9.3 Разборка (демонтаж) металлических конструкций ОЗП=0,7; МАТ=0 | D26: 1 т | E26: 0.257 | F26: 988.25 | G26: 717.65 | H26: 270.6 | I26: 1.4 | J26: 254 | K26: 184 | L26: 70 | N26: 56.15 | O26: 14.43 | P26: 0.08 | Q26: 0.02
A27: Раздел 2. Теплосеть.
A28: 4 | B28: ТЕР16-02-005-01 | C28: Прокладка трубопроводов отопления и водоснабжения из стальных электросварных труб диаметром до 40 мм | D28: 100 м | E28: 0.08 | F28: 1042.84 | G28: 837.02 | H28: 157.48 | I28: 3.46 | J28: 83 | K28: 67 | L28: 13 | N28: 60.83 | O28: 4.87 | P28: 0.19 | Q28: 0.02
A29: Уд | B29: 1. 302-1331 | C29: Трубопроводы из стальных электросварных труб с гильзами для отопления и водоснабжения, наружный диаметр 45 мм, толщина стенки 3,5 мм | D29: м | E29: 100 8 | F29: 49.71 | J29: 397.68
A30: 5 | B30: ТСЦ-103-0129 прим. | C30: Трубы стальные электросварные прямошовные со снятой фаской из стали марок БСт2кп-БСт4кп и БСт2пс-БСт4пс наружный диаметр 18 мм, толщина стенки 2 мм | D30: м | E30: 7 | F30: 10.16 | J30: 71
A31: 6 | B31: ТСЦ-103-0130 | C31: Трубы стальные электросварные прямошовные со снятой фаской из стали марок БСт2кп-БСт4кп и БСт2пс-БСт4пс наружный диаметр 32 мм, толщина стенки 2,2 мм | D31: м | E31: 1 | F31: 15.83 | J31: 16
A32: 7 | B32: ТЕР24-01-004-01 | C32: Надземная прокладка трубопроводов при условном давлении 1,6 МПа, температуре 150°С, диаметр труб 50 мм (конденсатопровод) | D32: 1 км | E32: 0.075 | F32: 17726.99 | G32: 5944.32 | H32: 11228.22 | I32: 1204.73 | J32: 1330 | K32: 446 | L32: 842 | M32: 90 | N32: 432 | O32: 32.4 | P32: 71.71 | Q32: 5.38
A33: Уд | B33: 1. 103-0357 | C33: Трубы стальные бесшовные, горячедеформированные со снятой фаской из стали марок 15, 20, 25, наружным диаметром 57 мм, толщина стенки 3,5 мм | D33: м | E33: 1010 75,75 | F33: 46.39 | J33: 3514.04
A34: Уд | B34: 2. 201-0888 | C34: Опоры скользящие и катковые, крепежные детали, хомуты | D34: т | E34: 0,29 0,02175 | F34: 12993 | J34: 282.6
A35: Уд | B35: 3. 201-0889 | C35: Опоры неподвижные из горячекатаных профилей для трубопроводов | D35: т | E35: 0,06 0,0045 | F35: 9785 | J35: 44.03
A36: 8 | B36: ТСЦ-103-0138 | C36: Трубы стальные электросварные прямошовные со снятой фаской из стали марок БСт2кп-БСт4кп и БСт2пс-БСт4пс наружный диаметр 57 мм, толщина стенки 3 мм | D36: м | E36: 75 | F36: 36.78 | J36: 2759
A37: 9 | B37: ТЕР24-01-007-01 прим. | C37: Надземная прокладка трубопроводов при условном давлении до 2,5 МПа, температуре до 300°С, диаметр труб до 300 мм (паропровод) | D37: 1 км | E37: 0.075 | F37: 44597.15 | G37: 12678.71 | H37: 27021.25 | I37: 2967.19 | J37: 3345 | K37: 951 | L37: 2027 | M37: 223 | N37: 869 | O37: 65.18 | P37: 177.04 | Q37: 13.28
A38: Уд | B38: 1. 103-0485 | C38: Трубы стальные бесшовные, горячедеформированные со снятой фаской из стали марок 15, 20, 25, наружным диаметром 325 мм, толщина стенки 8 мм | D38: м | E38: 1000 75 | F38: 623.68 | J38: 46776
A39: Уд | B39: 2. 201-0888 | C39: Опоры скользящие и катковые, крепежные детали, хомуты | D39: т | E39: 3,54 0,2655 | F39: 12993 | J39: 3449.64
A40: Уд | B40: 3. 201-0889 | C40: Опоры неподвижные из горячекатаных профилей для трубопроводов | D40: т | E40: 0,14 0,0105 | F40: 9785 | J40: 102.74
A41: 10 | B41: ТСЦ-103-0372 | C41: Трубы стальные бесшовные, горячедеформированные со снятой фаской из стали марок 15, 20, 25, наружным диаметром 76 мм, толщина стенки 3 мм | D41: м | E41: 75 | F41: 54.02 | J41: 4052
A42: 11 | B42: ТСЦ-201-0888 | C42: Опоры скользящие и катковые, крепежные детали, хомуты | D42: т | E42: 0.055 | F42: 12993 | J42: 715
A43: 12 | B43: ТСЦ-201-0889 | C43: Опоры неподвижные из горячекатаных профилей для трубопроводов | D43: т | E43: 0.007 | F43: 9785 | J43: 68
A44: 13 | B44: ТЕРм12-12-002-02 | C44: Арматура фланцевая с ручным приводом или без привода водопроводная на условное давление до 10 МПа, диаметр условного прохода 15 мм | D44: 1 шт. | E44: 2 | F44: 60.07 | G44: 56.91 | J44: 120 | K44: 114 | N44: 4.2 | O44: 8.4
A45: 14 | B45: Цена поставщика. | C45: Кран стальной шаровой фланцевый ДУ 15 11с32п (Цена:966,51:1,18:5,56*1,02=150,26) | D45: шт | E45: 2 | F45: 150.26 | J45: 301
A46: 15 | B46: ТЕРм12-12-002-04 | C46: Арматура фланцевая с ручным приводом или без привода водопроводная на условное давление до 10 МПа, диаметр условного прохода 25 мм | D46: 1 шт. | E46: 4 | F46: 62.91 | G46: 56.91 | H46: 1.09 | J46: 252 | K46: 228 | L46: 4 | N46: 4.2 | O46: 16.8
A47: 16 | B47: Цена поставщика. | C47: Кран стальной шаровой фланцевый ДУ 25 11с38п (Цена:3828,00:1,18:5,56*1,02=595,13) | D47: шт | E47: 4 | F47: 595.13 | J47: 2381
A48: 17 | B48: ТСЦ-507-0930 прим. | C48: Фланцы стальные давлением 1 МПа (10 кгс/см2) в комплекте с болтами, гайками и прокладками. | D48: компл. | E48: 6 | F48: 154.52 | J48: 927
A49: 18 | B49: ТЕРм12-11-005-01 | C49: Врезка трубопровода условным давлением 2,5 МПа в действующие магистрали, диаметр наружный врезаемой трубы 57 мм | D49: 1 врезка | E49: 6 | F49: 136.31 | G49: 115.04 | H49: 6.97 | J49: 818 | K49: 690 | L49: 42 | N49: 8 | O49: 48
A50: 19 | B50: ТЕР13-06-003-01 | C50: Очистка поверхности щетками | D50: 1 м2 | E50: 39.93 | F50: 10.81 | G50: 10.81 | J50: 432 | K50: 432 | N50: 0.9 | O50: 35.94
A51: 20 | B51: ТЕР13-06-004-01 | C51: Обеспыливание поверхности | D51: 1 м2 | E51: 39.93 | F51: 2.59 | G51: 1.2 | H51: 1.39 | J51: 103 | K51: 48 | L51: 55 | N51: 0.1 | O51: 3.99
A52: 21 | B52: ТЕР13-03-002-04 | C52: Огрунтовка металлических поверхностей за один раз грунтовкой ГФ-021 | D52: 100 м2 | E52: 0.399 | F52: 417.46 | G52: 79.65 | H52: 10.15 | I52: 0.16 | J52: 167 | K52: 32 | L52: 4 | N52: 5.31 | O52: 2.12 | P52: 0.01
A53: 22 | B53: ТЕР13-03-004-23 | C53: Окраска металлических огрунтованных поверхностей краской БТ-177 КОЭФ. К ПОЗИЦИИ: За 2 раза ПЗ=2 | D53: 100 м2 | E53: 0.399 | F53: 777.58 | G53: 73.62 | H53: 26.6 | I53: 0.32 | J53: 310 | K53: 29 | L53: 11 | N53: 5.76 | O53: 2.3 | P53: 0.02 | Q53: 0.01
A54: 23 | B54: ТЕР26-01-009-01 прим. | C54: Изоляция трубопроводов матами МПБ-30/СС1 (для воздушника с трубопроводом) | D54: 1 м3 изоляции | E54: 0.28 | F54: 993.04 | G54: 259.38 | H54: 71.42 | J54: 278 | K54: 73 | L54: 20 | N54: 18.85 | O54: 5.28
A55: Уд | B55: 1. 104-0009 | C55: Маты прошивные из минеральной ваты без обкладок М-100, толщина 60 мм | D55: м3 | E55: 1,54 0,4312 | F55: 414.12 | J55: 178.57
A56: 24 | B56: Цена поставщика. | C56: Маты МПБ-30/СС1 (Цена:4104,00:1,18:5,56*1,02=638,04) | D56: м3 | E56: 0.28 | F56: 638.04 | J56: 179
A57: 25 | B57: ТЕР26-01-003-01 | C57: Изоляция трубопроводов цилиндрами и полуцилиндрами из минеральной ваты на синтетическом связующем | D57: 1 м3 изоляции | E57: 4.7 | F57: 1140.9 | G57: 243.27 | H57: 46.57 | J57: 5362 | K57: 1143 | L57: 219 | N57: 18.8 | O57: 88.36
A58: Уд | B58: 1. 104-0017 | C58: Цилиндры и полуцилиндры теплоизоляционные из минваты на синтетическом связующем М-200, внутренний диаметр 76-108 мм | D58: м3 | E58: 1,032 4,85 | F58: 1248.91 | J58: 6057.21
A59: 26 | B59: ТСЦ-104-1369 | C59: Цилиндры минераловатные кашированные алюминиевой фольгой толщиной 60 мм, диаметром 57 мм (ROCKWOOL) | D59: м | E59: 77 | F59: 125.56 | J59: 9668
A60: 27 | B60: ТСЦ-104-1391 | C60: Цилиндры минераловатные кашированные алюминиевой фольгой толщиной 80 мм, диаметром 76 мм (ROCKWOOL) | D60: м | E60: 77 | F60: 184.39 | J60: 14198
A61: 28 | B61: ТЕР26-01-049-02 | C61: Покрытие поверхности изоляции трубопроводов сталью оцинкованной | D61: 100 м2 | E61: 0.037 | F61: 16029.68 | G61: 2043.64 | H61: 811.46 | J61: 593 | K61: 76 | L61: 30 | N61: 148.52 | O61: 5.5
A62: Уд | B62: 1. 101-1876 | C62: Сталь листовая оцинкованная толщиной листа 0,8 мм | D62: т | E62: 0,04277 0,001582 | F62: 17616.25 | J62: 27.87
A63: 29 | B63: ТСЦ-101-1707 | C63: Сталь листовая оцинкованная толщиной листа 1,0 мм | D63: т | E63: 0.002 | F63: 15866.27 | J63: 32
A64: Раздел 3. Стойки С-1 (11штук); С5 (3штуки) по типовому проекту № 092-58-1
A65: 30 | B65: ТЕР01-02-031-02 | C65: Бурение ям глубиной до 2 м бурильно-крановыми машинами на тракторе, группа грунтов 2 | D65: 100 ям | E65: 0.14 | F65: 4032.02 | G65: 249.91 | H65: 3782.11 | I65: 385.97 | J65: 564 | K65: 35 | L65: 529 | M65: 54 | N65: 22.74 | O65: 3.18 | P65: 24.71 | Q65: 3.46
A66: 31 | B66: ТЕР08-01-002-02 | C66: Устройство основания под фундаменты щебеночного | D66: 1 м3 основания | E66: 0.35 | F66: 288.26 | G66: 27.62 | H66: 67.69 | I66: 7.48 | J66: 101 | K66: 10 | L66: 24 | M66: 3 | N66: 2.4 | O66: 0.84 | P66: 0.54 | Q66: 0.19
A67: 32 | B67: ТЕР06-01-001-13 | C67: Устройство фундаментов-столбов бетонных | D67: 100 м3 | E67: 0.07 | F67: 72650.77 | G67: 7185.1 | H67: 4805.24 | I67: 338.14 | J67: 5086 | K67: 503 | L67: 336 | M67: 24 | N67: 598.26 | O67: 41.88 | P67: 18.62 | Q67: 1.3
A68: 33 | B68: ТЕР09-03-039-01 | C68: Монтаж опорных конструкций для крепления трубопроводов массой: до 0,1 т | D68: 1 т | E68: 0.62 | F68: 1711.14 | G68: 1025.21 | H68: 386.58 | I68: 2 | J68: 1061 | K68: 636 | L68: 240 | M68: 1 | N68: 80.22 | O68: 49.74 | P68: 0.11 | Q68: 0.07
A69: 34 | B69: ТСЦ-201-0778 | C69: Прочие индивидуальные сварные конструкции, масса сборочной единицы до 0,1 т | D69: т | E69: 0.62 | F69: 13506.5 | J69: 8374
A70: 35 | B70: ТЕР13-03-002-15 | C70: Огрунтовка металлических поверхностей за один раз лаком БТ-577 КОЭФ. К ПОЗИЦИИ: За 2 раза. ПЗ=2 | D70: 100 м2 | E70: 0.167 | F70: 354.5 | G70: 120.58 | H70: 24.66 | I70: 0.32 | J70: 59 | K70: 20 | L70: 4 | N70: 7.82 | O70: 1.31 | P70: 0.02
A71: Раздел 4. Пролётные строения L=6м; L=6,6м; L=7м;
A72: 36 | B72: ТЕР01-02-031-02 | C72: Бурение ям глубиной до 2 м бурильно-крановыми машинами на тракторе, группа грунтов 2 | D72: 100 ям | E72: 0.08 | F72: 4032.02 | G72: 249.91 | H72: 3782.11 | I72: 385.97 | J72: 323 | K72: 20 | L72: 303 | M72: 31 | N72: 22.74 | O72: 1.82 | P72: 24.71 | Q72: 1.98
A73: 37 | B73: ТЕР08-01-002-02 | C73: Устройство основания под фундаменты щебеночного | D73: 1 м3 основания | E73: 0.2 | F73: 288.26 | G73: 27.62 | H73: 67.69 | I73: 7.48 | J73: 58 | K73: 6 | L73: 14 | M73: 1 | N73: 2.4 | O73: 0.48 | P73: 0.54 | Q73: 0.11
A74: 38 | B74: ТЕР06-01-001-13 | C74: Устройство фундаментов-столбов бетонных | D74: 100 м3 | E74: 0.04 | F74: 72650.77 | G74: 7185.1 | H74: 4805.24 | I74: 338.14 | J74: 2906 | K74: 287 | L74: 192 | M74: 14 | N74: 598.26 | O74: 23.93 | P74: 18.62 | Q74: 0.74
A75: 39 | B75: ТЕР06-01-015-03 | C75: Установка анкерных болтов при бетонировании | D75: 1 т | E75: 0.2957 | F75: 12950.9 | G75: 1643.76 | H75: 76.42 | I75: 4 | J75: 3830 | K75: 486 | L75: 23 | M75: 1 | N75: 128.62 | O75: 38.03 | P75: 0.22 | Q75: 0.07
A76: 40 | B76: ТЕР09-03-039-01 прим. | C76: Монтаж опорных конструкций для крепления трубопроводов массой до 0,1 т | D76: 1 т | E76: 0.3548 | F76: 1711.14 | G76: 1025.21 | H76: 386.58 | I76: 2 | J76: 607 | K76: 364 | L76: 137 | M76: 1 | N76: 80.22 | O76: 28.46 | P76: 0.11 | Q76: 0.04
A77: 41 | B77: ТСЦ-201-0778 | C77: Прочие индивидуальные сварные конструкции, масса сборочной единицы до 0,1 т | D77: т | E77: 0.3548 | F77: 13506.5 | J77: 4792
A78: 42 | B78: ТЕР13-03-002-15 | C78: Огрунтовка металлических поверхностей за один раз лаком БТ-577 КОЭФ. К ПОЗИЦИИ: За 2 раза ПЗ=2 | D78: 100 м2 | E78: 0.096 | F78: 354.5 | G78: 120.58 | H78: 24.66 | I78: 0.32 | J78: 34 | K78: 12 | L78: 2 | N78: 7.82 | O78: 0.75 | P78: 0.02
A79: Раздел 5. Переход через дорогу L=11,5 м Н=5 м типовой проект № 7476-9-1
A80: 43 | B80: ТЕР01-02-031-02 | C80: Бурение ям глубиной до 2 м бурильно-крановыми машинами на тракторе, группа грунтов 2 | D80: 100 ям | E80: 0.02 | F80: 4032.02 | G80: 249.91 | H80: 3782.11 | I80: 385.97 | J80: 81 | K80: 5 | L80: 76 | M80: 8 | N80: 22.74 | O80: 0.45 | P80: 24.71 | Q80: 0.49
A81: 44 | B81: ТЕР08-01-002-02 | C81: Устройство основания под фундаменты щебеночного | D81: 1 м3 | E81: 0.05 | F81: 288.26 | G81: 27.62 | H81: 67.69 | I81: 7.48 | J81: 14 | K81: 1 | L81: 3 | N81: 2.4 | O81: 0.12 | P81: 0.54 | Q81: 0.03
A82: 45 | B82: ТЕР06-01-001-13 | C82: Устройство фундаментов-столбов бетонных | D82: 100 м3 | E82: 0.01 | F82: 72650.77 | G82: 7185.1 | H82: 4805.24 | I82: 338.14 | J82: 727 | K82: 72 | L82: 48 | M82: 3 | N82: 598.26 | O82: 5.98 | P82: 18.62 | Q82: 0.19
A83: 46 | B83: ТЕР06-01-015-03 | C83: Установка анкерных болтов при бетонировании | D83: 1 т | E83: 0.037 | F83: 12950.9 | G83: 1643.76 | H83: 76.42 | I83: 4 | J83: 479 | K83: 61 | L83: 3 | N83: 128.62 | O83: 4.76 | P83: 0.22 | Q83: 0.01
A84: 47 | B84: ТЕР09-03-039-01 прим. | C84: Монтаж опорных конструкций для крепления трубопроводов массой до 0,1 т | D84: 1 т | E84: 0.7383 | F84: 1711.14 | G84: 1025.21 | H84: 386.58 | I84: 2 | J84: 1263 | K84: 757 | L84: 285 | M84: 1 | N84: 80.22 | O84: 59.23 | P84: 0.11 | Q84: 0.08
A85: 48 | B85: ТСЦ-201-0778 | C85: Прочие индивидуальные сварные конструкции, масса сборочной единицы до 0,1 т | D85: т | E85: 0.7383 | F85: 13506.5 | J85: 9972
A86: 49 | B86: ТЕР13-03-002-15 | C86: Огрунтовка металлических поверхностей за один раз лаком БТ-577 КОЭФ. К ПОЗИЦИИ: За 2 раза. ПЗ=2 | D86: 100 м2 | E86: 0.199 | F86: 354.5 | G86: 120.58 | H86: 24.66 | I86: 0.32 | J86: 71 | K86: 24 | L86: 5 | N86: 7.82 | O86: 1.56 | P86: 0.02
A87: Раздел 6. Кронштейны 4 шт
A88: 50 | B88: ТЕР09-03-039-01 | C88: Монтаж опорных конструкций для крепления трубопроводов массой до 0,1 т | D88: 1 т | E88: 0.12524 | F88: 1711.14 | G88: 1025.21 | H88: 386.58 | I88: 2 | J88: 214 | K88: 128 | L88: 48 | N88: 80.22 | O88: 10.05 | P88: 0.11 | Q88: 0.01
A89: 51 | B89: ТСЦ-201-0778 | C89: Прочие индивидуальные сварные конструкции, масса сборочной единицы до 0,1 т | D89: т | E89: 0.1252 | F89: 13506.5 | J89: 1691
A90: 52 | B90: ТЕР13-03-002-15 | C90: Огрунтовка металлических поверхностей за один раз лаком БТ-577 КОЭФ. К ПОЗИЦИИ: За 2 раза. ПЗ=2 | D90: 100 м2 | E90: 0.035 | F90: 354.5 | G90: 120.58 | H90: 24.66 | I90: 0.32 | J90: 12 | K90: 4 | L90: 1 | N90: 7.82 | O90: 0.27 | P90: 0.02
A91: Итого прямые затраты по смете в ценах 2001г. | J91: 92010 | K91: 8251 | L91: 6180 | M91: 516 | O91: 628.72 | Q91: 31.14
A92: Итого прямые затраты по смете с учетом коэффициентов к итогам | J92: 94610 | K92: 9899 | L92: 7132 | M92: 620 | O92: 723.04 | Q92: 35.81
A93: В том числе, справочно:
A94: Районный к-т 4,3% (Поз. 1-2, 7, 9, 11-12, 3, 33-34, 40-41, 47-48, 50-51, 4, 19-22, 35, 42, 49, 52, 23-30, 36, 43, 31, 37, 44, 32, 38-39, 45-46, 13-18) | J94: 378 | K94: 355 | L94: 22 | M94: 22
A95: Производство строительных и других работ на открытых и полуоткрытых производственных площадках в стесненных условиях ОЗП=1,15; ЭМ=1,15; ЗПМ=1,15; ТЗ=1,15; ТЗМ=1,15 (Поз. 1-2, 7, 9, 11-12, 3, 33-34, 40-41, 47-48, 50-51, 4, 19-22, 35, 42, 49, 52, 23-30, 36, 43, 31, 37, 44, 32, 38-39, 45-46, 13-18) | J95: 2222 | K95: 1291 | L95: 930 | M95: 81 | O95: 94.308 | Q95: 4.671
A96: Накладные расходы | J96: 10779
A97: В том числе, справочно:
A98: 80% ФОТ (от 1421) (Поз. 30, 36, 43, 13-18) | J98: 1137
A99: 90% ФОТ (от 3206) (Поз. 3, 33-34, 40-41, 47-48, 50-51, 19-22, 35, 42, 49, 52) | J99: 2886
A100: 100% ФОТ (от 1550) (Поз. 23-29) | J100: 1550
A101: 105% ФОТ (от 1742) (Поз. 32, 38-39, 45-46) | J101: 1829
A102: 122% ФОТ (от 26) (Поз. 31, 37, 44) | J102: 32
A103: 128% ФОТ (от 81) (Поз. 4) | J103: 104
...

Sheet 24818
A1: СОГЛАСОВАНО: | E1: ФГУП "Комбинат "Электрохимприбор" | M1: УТВЕРЖДАЮ:
G2: (наименование стройки) | M2: Зам. генерального директора
A3: _____________________________ | M3: Е.В.Гордеев
A4: " _____ " ________________ 2013г. | G4: ЛОКАЛЬНЫЙ СМЕТНЫЙ РАСЧЕТ № 24818
G5: (локальная смета) | M5: "______ " __________2013 г.
C7: на | D7: Реконструкцию наружной канализации. Поселок Горный Насосно-фильтровальная станция.
H8: (наименование работ и затрат, наименование объекта)
D10: Основание: Проект № 24540-13-НК
D11: Сметная стоимость строительных работ _______________________________________________________________________________________________ | J11: ___________________________59,432 | L11: тыс. руб.
D12: Средства на оплату труда _______________________________________________________________________________________________ | J12: ___________________________2,985 | L12: тыс. руб.
D13: Сметная трудоемкость _______________________________________________________________________________________________ | J13: _______________________________________________________________________________________________201,67 | L13: чел.час
D14: Материалы ___________________________________________________________ | J14: =J82/1000 -> 47.745 | L14: тыс.руб.
D15: Составлен(а) в базовых ценах 2001г. в редакции 2009г.
A17: № пп | B17: Обоснование | C17: Наименование | D17: Ед. изм. | E17: Кол. | F17: Стоимость единицы, руб. | J17: Общая стоимость, руб. | N17: Т/з осн. раб.на ед. | O17: Т/з осн. раб. Всего | P17: Т/з мех. на ед. | Q17: Т/з мех. Всего
F18: Всего | G18: В том числе | J18: Всего | K18: В том числе
G19: Осн.З/п | H19: Эк.Маш | I19: З/пМех | K19: Осн.З/п | L19: Эк.Маш | M19: З/пМех
A20: 1 | B20: 2 | C20: 3 | D20: 4 | E20: 5 | F20: 6 | G20: 7 | H20: 8 | I20: 9 | J20: 10 | K20: 11 | L20: 12 | M20: 13 | N20: 14 | O20: 15 | P20: 16 | Q20: 17
A21: Раздел 1. Земляные работы.
A22: 1 | B22: ТЕР01-01-003-08 | C22: Разработка грунта в отвал экскаваторами «драглайн» или «обратная лопата» с ковшом вместимостью 0,65 (0,5-1) м3, группа грунтов 2 | D22: 1000 м3 | E22: 0.154 | F22: 3778.42 | G22: 115.18 | H22: 3663.24 | I22: 385.27 | J22: 582 | K22: 18 | L22: 564 | M22: 59 | N22: 10.48 | O22: 1.61 | P22: 22.77 | Q22: 3.51
A23: 2 | B23: ТЕР01-02-055-08 | C23: Разработка грунта вручную с креплениями в траншеях шириной до 2 м, глубиной до 3 м, группа грунтов 2 | D23: 100 м3 | E23: 0.05 | F23: 3117.84 | G23: 3117.84 | J23: 156 | K23: 156 | N23: 264 | O23: 13.2
A24: 3 | B24: ТЕР01-01-013-08 | C24: Разработка грунта с погрузкой на автомобили-самосвалы экскаваторами с ковшом вместимостью 0,65 (0,5-1) м3, группа грунтов 2 | D24: 1000 м3 | E24: 0.028 | F24: 5028.78 | G24: 125.4 | H24: 4898.28 | I24: 559.88 | J24: 141 | K24: 4 | L24: 137 | M24: 16 | N24: 11.41 | O24: 0.32 | P24: 33.09 | Q24: 0.93
A25: 4 | B25: СЦП3-3-5-1 | C25: Перевозка грузов автомобилями-самосвалами (работающими вне карьеров): расстояние 5 км, класс груза I (лишний грунт) КОЭФ. К ПОЗИЦИИ: п.17.Доп1 При перевозке грузов к провозной плате (тарифам) применять поправочный коэффициент ПЗ=1,37 | D25: т | E25: 56 | F25: 10.58 | H25: 10.58 | J25: 592 | L25: 592
A26: 5 | B26: ТЕР01-01-033-02 | C26: Засыпка траншей и котлованов с перемещением грунта до 5 м бульдозерами мощностью 59 кВт (80 л.с.), группа грунтов 2 | D26: 1000 м3 | E26: 0.127 | F26: 822.69 | H26: 822.69 | I26: 138.55 | J26: 104 | L26: 104 | M26: 18 | P26: 8.87 | Q26: 1.13
A27: 6 | B27: ТЕР01-02-061-02 | C27: Засыпка вручную траншей, пазух котлованов и ям, группа грунтов 2 | D27: 100 м3 | E27: 0.039 | F27: 1027.4 | G27: 1027.4 | J27: 40 | K27: 40 | N27: 97.2 | O27: 3.79
A28: Раздел 2. Наружная канализация.
A29: Устройство прямоугольных канализационных колодцев
A30: 7 | B30: ТЕР23-03-006-04 | C30: Устройство прямоугольных бетонных монолитных канализационных колодцев площадью более 3м2 в сухих грунтах | D30: 10 м3 | E30: 1.32 | F30: 8597.5 | G30: 773.64 | H30: 772.42 | I30: 126.93 | J30: 11349 | K30: 1021 | L30: 1020 | M30: 168 | N30: 61.99 | O30: 81.83 | P30: 8.53 | Q30: 11.26
A31: Уд | B31: 1. 403-3110 | C31: Плиты железобетонные покрытий и перекрытий ребристые | D31: м3 | E31: 0,73 0,9636 | F31: 2570.7 | J31: 2477.13
A32: 8 | B32: ТСЦ-403-3120 | C32: Плиты железобетонные покрытий, перекрытий и днищ | D32: м3 | E32: 7.3 | F32: 2580.06 | J32: 18834
A33: 9 | B33: ТСЦ-101-2535 | C33: Люки чугунные легкий | D33: шт. | E33: 1 | F33: 511.7 | J33: 512
A34: 10 | B34: ТСЦ-101-2536 | C34: Люки чугунные тяжелый | D34: шт. | E34: 1 | F34: 611.67 | J34: 612
A35: 11 | B35: ТСЦ-201-0650 прим. | C35: Стремянка С-2, Стремянка С-6 | D35: т | E35: 0.05 | F35: 13627.82 | J35: 681
A36: Колодец КК-1
A37: 12 | B37: ТЕР16-02-005-12 | C37: Прокладка трубопроводов отопления и водоснабжения из стальных электросварных труб диаметром 400 мм (с учетом фасонных частей) | D37: 100 м | E37: 0.03 | F37: 14262.76 | G37: 4328.33 | H37: 1827.7 | I37: 50.23 | J37: 428 | K37: 130 | L37: 55 | M37: 2 | N37: 323.01 | O37: 9.69 | P37: 2.76 | Q37: 0.08
A38: Уд | B38: 1. 103-0218 | C38: Трубы стальные электросварные прямошовные и спирально-шовные группы А и Б с сопротивлением по разрыву 38 кгс/мм2, наружный диаметр 426 мм, толщина стенки 7 мм | D38: м | E38: 95 2,85 | F38: 906.78 | J38: 2584.32
A39: 13 | B39: ТСЦ-103-0223 | C39: Трубы стальные электросварные прямошовные диаметр 426 мм, толщина стенки 12 мм (патрубок с учетом фасонных частей) | D39: м | E39: 3 | F39: 1186.79 | J39: 3560
A40: 14 | B40: ТЕР16-02-007-11 | C40: Установка фланцевых соединений на стальных трубопроводах диаметром 400 мм | D40: 1 соединение | E40: 5 | F40: 1154.33 | G40: 89.13 | H40: 36.45 | I40: 0.18 | J40: 5772 | K40: 446 | L40: 182 | M40: 1 | N40: 6.38 | O40: 31.9 | P40: 0.01 | Q40: 0.05
A41: 15 | B41: ТСЦ-507-0976 | C41: Фланцы стальные плоские приварные из стали ВСт3сп2, ВСт3сп3, давлением 0,6 МПа (6 кгс/см2), диаметром 400 мм | D41: шт. | E41: 5 | F41: 325.2 | J41: 1626
A42: 16 | B42: ТЕР23-04-008-02 | C42: Присоединение канализационных трубопроводов к существующей сети в грунтах мокрых | D42: 1 врезка | E42: 1 | F42: 313.71 | G42: 217.39 | J42: 314 | K42: 217 | N42: 17.01 | O42: 17.01
A43: 17 | B43: ТЕР13-03-002-04 | C43: Огрунтовка металлических поверхностей за один раз грунтовкой ГФ-021 | D43: 100 м2 | E43: 0.038 | F43: 417.46 | G43: 79.65 | H43: 10.15 | I43: 0.16 | J43: 16 | K43: 3 | N43: 5.31 | O43: 0.2 | P43: 0.01
A44: 18 | B44: ТЕР13-03-004-23 | C44: Окраска металлических огрунтованных поверхностей краской БТ-177 КОЭФ. К ПОЗИЦИИ: За 2 раза ПЗ=2 | D44: 100 м2 | E44: 0.038 | F44: 777.58 | G44: 73.62 | H44: 26.6 | I44: 0.32 | J44: 30 | K44: 3 | L44: 1 | N44: 5.76 | O44: 0.22 | P44: 0.02
A45: Колодец КК-2 (1 вариант)
A46: 19 | B46: ТЕР16-02-005-12 | C46: Прокладка трубопроводов отопления и водоснабжения из стальных электросварных труб диаметром 400 мм (с учетом фасонных частей) | D46: 100 м | E46: 0.036 | F46: 14262.76 | G46: 4328.33 | H46: 1827.7 | I46: 50.23 | J46: 513 | K46: 156 | L46: 66 | M46: 2 | N46: 323.01 | O46: 11.63 | P46: 2.76 | Q46: 0.1
A47: Уд | B47: 1. 103-0218 | C47: Трубы стальные электросварные прямошовные и спирально-шовные группы А и Б с сопротивлением по разрыву 38 кгс/мм2, наружный диаметр 426 мм, толщина стенки 7 мм | D47: м | E47: 95 3,42 | F47: 906.78 | J47: 3101.19
A48: 20 | B48: ТСЦ-103-0223 | C48: Трубы стальные электросварные прямошовные диаметр 426 мм, толщина стенки 12 мм (патрубки с учетом фасонных частей) | D48: м | E48: 3.6 | F48: 1186.79 | J48: 4272
A49: 21 | B49: ТЕР16-02-007-11 | C49: Установка фланцевых соединений на стальных трубопроводах диаметром 400 мм (колено и фланцы) | D49: 1 соединение | E49: 2 | F49: 1154.33 | G49: 89.13 | H49: 36.45 | I49: 0.18 | J49: 2309 | K49: 178 | L49: 73 | N49: 6.38 | O49: 12.76 | P49: 0.01 | Q49: 0.02
A50: 22 | B50: ТСЦ-507-0976 | C50: Фланцы стальные плоские приварные из стали ВСт3сп2, ВСт3сп3, давлением 0,6 МПа (6 кгс/см2), диаметром 400 мм | D50: шт. | E50: 1 | F50: 325.2 | J50: 325
A51: 23 | B51: ТЕР23-04-008-02 | C51: Присоединение канализационных трубопроводов к существующей сети в грунтах мокрых | D51: 1 врезка | E51: 1 | F51: 313.71 | G51: 217.39 | J51: 314 | K51: 217 | N51: 17.01 | O51: 17.01
A52: 24 | B52: ТЕР13-03-002-04 | C52: Огрунтовка металлических поверхностей за один раз грунтовкой ГФ-021 | D52: 100 м2 | E52: 0.045 | F52: 417.46 | G52: 79.65 | H52: 10.15 | I52: 0.16 | J52: 19 | K52: 4 | N52: 5.31 | O52: 0.24 | P52: 0.01
A53: 25 | B53: ТЕР13-03-004-23 | C53: Окраска металлических огрунтованных поверхностей краской БТ-177 КОЭФ. К ПОЗИЦИИ: За 2 раза ПЗ=2 | D53: 100 м2 | E53: 0.045 | F53: 777.58 | G53: 73.62 | H53: 26.6 | I53: 0.32 | J53: 35 | K53: 3 | L53: 1 | N53: 5.76 | O53: 0.26 | P53: 0.02
A54: Итого прямые затраты по смете в ценах 2001г. | J54: 53136 | K54: 2596 | L54: 2795 | M54: 266 | O54: 201.67 | Q54: 17.08
A55: Итого прямые затраты по смете с учетом коэффициентов к итогам | J55: 53259 | K55: 2708 | L55: 2806 | M55: 277 | O55: 201.67 | Q55: 17.08
A56: В том числе, справочно:
A57: Районный к-т 4,3% (Поз. 1, 3, 5, 2, 6, 15, 22, 7-10, 13, 16, 20, 23, 12, 14, 19, 21, 17-18, 24-25) | J57: 123 | K57: 112 | L57: 11 | M57: 11
A58: Накладные расходы | J58: 3712
A59: В том числе, справочно:
A60: 80% ФОТ (от 204) (Поз. 2, 6, 15, 22) | J60: 163
A61: 90% ФОТ (от 14) (Поз. 17-18, 24-25) | J61: 13
A62: 95% ФОТ (от 120) (Поз. 1, 3, 5) | J62: 114
A63: 128% ФОТ (от 954) (Поз. 12, 14, 19, 21) | J63: 1221
A64: 130% ФОТ (от 1693) (Поз. 7-10, 13, 16, 20, 23) | J64: 2201
A65: Сметная прибыль | J65: 2461
A66: В том числе, справочно:
A67: 45% ФОТ (от 204) (Поз. 2, 6, 15, 22) | J67: 92
A68: 50% ФОТ (от 120) (Поз. 1, 3, 5) | J68: 60
A69: 70% ФОТ (от 14) (Поз. 17-18, 24-25) | J69: 10
A70: 83% ФОТ (от 954) (Поз. 12, 14, 19, 21) | J70: 792
A71: 89% ФОТ (от 1693) (Поз. 7-10, 13, 16, 20, 23) | J71: 1507
A72: Итоги по смете:
A73: Земляные работы, выполняемые механизированным способом | J73: 1006 | O73: 1.93 | Q73: 5.57
A74: Земляные работы, выполняемые ручным способом | J74: 2410 | O74: 16.99
A75: Перевозка грузов автотранспортом | J75: 592
A76: Наружные сети водопровода, канализации, теплоснабжения, газопровода | J76: 43545 | O76: 115.85 | Q76: 11.26
A77: Материалы - металлоконструкции | J77: 681
A78: Сантехнические работы - внутренние (трубопроводы, водопровод, канализация, отопление, газоснабжение, вентиляция и кондиционирование воздуха) | J78: 11074 | O78: 65.98 | Q78: 0.25
A79: Защита строительных конструкций и оборудования от коррозии | J79: 124 | O79: 0.92
A80: Итого | J80: 59432 | O80: 201.67 | Q80: 17.08
A81: В том числе:
A82: Материалы | J82: 47745
A83: Машины и механизмы | J83: =2806-M55 -> 2529
A84: ФОТ | J84: 2985
A85: Накладные расходы | J85: 3712
A86: Сметная прибыль | J86: 2461
A87: ВСЕГО по смете | J87: 59432 | O87: 201.67 | Q87: 17.08

Sheet 24820
A1: СОГЛАСОВАНО: | E1: ФГУП "Комбинат "Электрохимприбор" | M1: УТВЕРЖДАЮ:
G2: (наименование стройки) | M2: Зам. генерального директора
A3: _____________________________ | M3: Е.В.Гордеев
A4: " _____ " ________________ 2013г. | G4: ЛОКАЛЬНЫЙ СМЕТНЫЙ РАСЧЕТ № 24820
G5: (локальная смета) | M5: "______ " __________2013 г.
C7: на | D7: Реконструкцию. Поселок Горный. Насосно-фильтровальная станция. Перенос канализации
G8: (наименование работ и затрат, наименование объекта)
D10: Основание: Проект № 24526-13-НК
D11: Сметная стоимость _______________________________________________________________________________________________ | J11: ___________________________157,322 | L11: тыс. руб.
D12: строительных работ _______________________________________________________________________________________________ | J12: _______________________________________________________________________________________________144,699 | L12: тыс. руб.
D13: монтажных работ _______________________________________________________________________________________________ | J13: _______________________________________________________________________________________________1,362 | L13: тыс. руб.
D14: оборудования _______________________________________________________________________________________________ | J14: _______________________________________________________________________________________________11,261 | L14: тыс. руб.
D15: Средства на оплату труда _______________________________________________________________________________________________ | J15: ___________________________5,222 | L15: тыс. руб.
D16: Сметная трудоемкость _______________________________________________________________________________________________ | J16: _______________________________________________________________________________________________335,6 | L16: чел.час
D17: Материалы ___________________________________________________________ | J17: =K71/1000 -> 121.284 | L17: тыс.руб.
D18: Составлен(а) в базовых ценах 2001г. в редакции 2009г.
A20: № пп | B20: Обоснова-ние | C20: Наименование | D20: Ед. изм. | E20: Кол. | F20: Стоимость единицы, руб. | J20: Общая стоимость, руб. | O20: Т/з осн. раб.на ед. | P20: Т/з осн. раб. Всего | Q20: Общая масса обору-дования, т
F21: Всего | G21: В том числе | J21: Обору-дование | K21: Всего | L21: В том числе
G22: Осн.З/п | H22: Эк.Маш | I22: З/пМех | L22: Осн.З/п | M22: Эк.Маш | N22: З/пМех
A23: 1 | B23: 2 | C23: 3 | D23: 4 | E23: 5 | F23: 6 | G23: 7 | H23: 8 | I23: 9 | J23: 10 | K23: 11 | L23: 12 | M23: 13 | N23: 14 | O23: 15 | P23: 16 | Q23: 17
A24: Раздел 1. Земляные работы.
A25: 1 | B25: ТЕР01-01-003-08 | C25: Разработка грунта в отвал экскаваторами «драглайн» или «обратная лопата» с ковшом вместимостью 0,65 (0,5-1) м3, группа грунтов 2 | D25: 1000 м3 | E25: 0.385 | F25: 3778.42 | G25: 115.18 | H25: 3663.24 | I25: 385.27 | K25: 1455 | L25: 44 | M25: 1411 | N25: 148 | O25: 10.48 | P25: 4.03
A26: 2 | B26: ТЕР01-02-055-08 | C26: Разработка грунта вручную с креплениями в траншеях шириной до 2 м, глубиной до 3 м, группа грунтов 2 | D26: 100 м3 | E26: 0.119 | F26: 3117.84 | G26: 3117.84 | K26: 371 | L26: 371 | O26: 264 | P26: 31.42
A27: 3 | B27: ТЕР01-01-013-08 | C27: Разработка грунта с погрузкой на автомобили-самосвалы экскаваторами с ковшом вместимостью 0,65 (0,5-1) м3, группа грунтов 2 | D27: 1000 м3 | E27: 0.102 | F27: 5028.78 | G27: 125.4 | H27: 4898.28 | I27: 559.88 | K27: 513 | L27: 13 | M27: 500 | N27: 57 | O27: 11.41 | P27: 1.16
A28: 4 | B28: СЦП3-3-5-1 | C28: Перевозка грузов автомобилями-самосвалами (работающими вне карьеров): расстояние 5 км, класс груза I (лишний грунт) КОЭФ. К ПОЗИЦИИ: п.17.Доп1 При перевозке грузов к провозной плате (тарифам) применять поправочный коэффициент ПЗ=1,37 | D28: т | E28: 204.38 | F28: 10.58 | H28: 10.58 | K28: 2162 | M28: 2162
A29: 5 | B29: ТЕР01-01-033-02 | C29: Засыпка траншей и котлованов с перемещением грунта до 5 м бульдозерами мощностью 59 кВт (80 л.с.), группа грунтов 2 | D29: 1000 м3 | E29: 0.286 | F29: 822.69 | H29: 822.69 | I29: 138.55 | K29: 235 | M29: 235 | N29: 40
A30: 6 | B30: ТЕР01-02-061-02 | C30: Засыпка вручную траншей, пазух котлованов и ям, группа грунтов 2 | D30: 100 м3 | E30: 0.088 | F30: 1027.4 | G30: 1027.4 | K30: 90 | L30: 90 | O30: 97.2 | P30: 8.55
A31: Раздел 2. Канализация.
A32: Канализационные колодцы.
A33: 7 | B33: ТЕР23-03-001-06 | C33: Устройство круглых сборных железобетонных канализационных колодцев диаметром 1,5 м в мокрых грунтах | D33: 10 м3 | E33: 1.763 | F33: 21552.69 | G33: 1426.25 | H33: 2193.39 | I33: 209.12 | K33: 37997 | L33: 2514 | M33: 3867 | N33: 369 | O33: 111.6 | P33: 196.75
A34: 8 | B34: ТЕР08-02-001-09 прим. | C34: Кладка круглых кирпичных горловин в канализационных колодцах | D34: 1 м3 кладки | E34: 0.111 | F34: 730.19 | G34: 82.91 | H34: 92.15 | I34: 6.55 | K34: 81 | L34: 9 | M34: 10 | N34: 1 | O34: 7.08 | P34: 0.79
A35: 9 | B35: ТСЦ-101-2535 | C35: Люки чугунные легкий | D35: шт. | E35: 4 | F35: 511.7 | K35: 2047
A36: 10 | B36: ТСЦ-509-3905 | C36: Скобы ходовые | D36: кг | E36: 36 | F36: 9.12 | K36: 328
A37: Канализация.
A38: 11 | B38: ТЕР23-01-001-01 | C38: Устройство основания под трубопроводы песчаного | D38: 10 м3 | E38: 0.167 | F38: 1636.02 | G38: 117.4 | H38: 26.91 | I38: 5.47 | K38: 273 | L38: 20 | M38: 4 | N38: 1 | O38: 10.2 | P38: 1.7
A39: 12 | B39: ТЕР22-01-021-13 | C39: Укладка трубопроводов из полиэтиленовых труб диаметром до 600 мм | D39: 1 км | E39: 0.037 | F39: 39122.91 | G39: 9881.5 | H39: 25932.77 | I39: 2226.37 | K39: 1448 | L39: 366 | M39: 960 | N39: 82 | O39: 773.2 | P39: 28.61
A40: 13 | B40: ТСЦ-507-2022 прим. | C40: Труба ПЭ 63 SDR 26, наружный диаметр до 500 мм (ГОСТ 18599-2001) | D40: 10 м | E40: 3.737 | F40: 22421.88 | K40: 83791
A41: 14 | B41: ТЕРм12-12-001-17 | C41: Арматура фланцевая с ручным приводом или без привода водопроводная на условное давление до 4 МПа, диаметр условного прохода 400 мм | D41: 1 шт. | E41: 1 | F41: 956.85 | G41: 214.23 | H41: 573.95 | I41: 55.51 | K41: 957 | L41: 214 | M41: 574 | N41: 56 | O41: 15.81 | P41: 15.81
A42: 15 | B42: Цена поставщика. | C42: Затвор чугунный поворотный дисковый (диск-чугун) ЕРДМ фланцевый Ру-1.0МПа, Ду-400 с ручным редуктором. (Цена:53414,00:1,18:4,19*1,012*1,03=11261,00) | D42: шт | E42: 1 | J42: 11261 | K42: 11261
A43: 16 | B43: ТЕР16-02-007-11 | C43: Установка фланцевых соединений на стальных трубопроводах диаметром 400 мм | D43: 1 соединение | E43: 2 | F43: 1154.33 | G43: 89.13 | H43: 36.45 | I43: 0.18 | K43: 2309 | L43: 178 | M43: 73 | O43: 6.38 | P43: 12.76
A44: 17 | B44: ТСЦ-507-0976 | C44: Фланцы стальные плоские приварные из стали ВСт3сп2, ВСт3сп3, давлением 0,6 МПа (6 кгс/см2), диаметром 400 мм | D44: шт. | E44: 2 | F44: 325.2 | K44: 650
A45: 18 | B45: ТЕР23-04-008-02 | C45: Присоединение канализационных трубопроводов к существующей сети в грунтах мокрых | D45: 1 врезка | E45: 2 | F45: 313.71 | G45: 217.39 | K45: 627 | L45: 435 | O45: 17.01 | P45: 34.02
A46: Итого прямые затраты по смете в ценах 2001г. | K46: 146595 | L46: 4254 | M46: 9796 | N46: 754 | P46: 335.6
A47: Итого прямые затраты по смете с учетом коэффициентов к итогам | K47: 146809 | L47: 4436 | M47: 9828 | N47: 786 | P47: 335.6
A48: В том числе, справочно:
A49: Районный к-т 4,3% (Поз. 1, 3, 5, 2, 6, 17, 7, 9-13, 18, 16, 14) | K49: 214 | L49: 183 | M49: 32 | N49: 32
A50: Накладные расходы | K50: 6293
A51: В том числе, справочно:
A52: 80% ФОТ (от 762) (Поз. 2, 6, 17, 14) | K52: 610
A53: 95% ФОТ (от 315) (Поз. 1, 3, 5) | K53: 299
A54: 122% ФОТ (от 10) (Поз. 8) | K54: 12
A55: 128% ФОТ (от 186) (Поз. 16) | K55: 238
A56: 130% ФОТ (от 3949) (Поз. 7, 9-13, 18) | K56: 5134
A57: Сметная прибыль | K57: 4220
A58: В том числе, справочно:
A59: 45% ФОТ (от 481) (Поз. 2, 6, 17) | K59: 216
A60: 50% ФОТ (от 315) (Поз. 1, 3, 5) | K60: 158
A61: 60% ФОТ (от 281) (Поз. 14) | K61: 169
A62: 80% ФОТ (от 10) (Поз. 8) | K62: 8
A63: 83% ФОТ (от 186) (Поз. 16) | K63: 154
A64: 89% ФОТ (от 3949) (Поз. 7, 9-13, 18) | K64: 3515
A65: Итоги по смете:
A66: Итого Строительные работы | K66: 144699 | P66: 319.79
A67: Итого Монтажные работы | K67: 1362 | P67: 15.81
A68: Итого Оборудование | K68: 11261
A69: Итого | K69: 157322 | P69: 335.6
A70: В том числе:
A71: Материалы | K71: 121284
A72: Машины и механизмы | K72: =9828-N47 -> 9042
A73: ФОТ | K73: 5222
A74: Оборудование | K74: 11261
A75: Накладные расходы | K75: 6293
A76: Сметная прибыль | K76: 4220
A77: ВСЕГО по смете | K77: 157322 | P77: 335.6

Sheet 24831
A1: СОГЛАСОВАНО: | E1: ФГУП "Комбинат "Электрохимприбор" | M1: УТВЕРЖДАЮ:
G2: (наименование стройки) | M2: Зам.генерального директора
A3: _________________ | N3: Е.В. Гордеев
A4: " _____ " ________________ 2013 г. | M4: __________________
G5: ЛОКАЛЬНЫЙ СМЕТНЫЙ РАСЧЕТ № 24831 | M5: "______ " __________2013 г.
G6: (локальная смета)
C8: на | D8: реконструкцию. Поселок Горный. Насосно-фильтровальная станция.
E9: Отстойник-осветлитель промывных вод
E10: (наименование работ и затрат, наименование объекта)
D12: Основание: проект № 24547-13-КЖ
D13: Сметная стоимость строительных работ _______________________________________________________________________________________________ | J13: ___________________________862,647 | L13: тыс. руб.
D14: Средства на оплату труда _______________________________________________________________________________________________ | J14: ___________________________98,152 | L14: тыс. руб.
D15: Сметная трудоемкость _______________________________________________________________________________________________ | J15: _______________________________________________________________________________________________6328,86 | L15: чел.час
D16: Материалы _________________________________________________________ | K16: 543,794 тыс.руб.
D17: Составлен(а) в базовых ценах 2001г. в редакции 2009г.
A19: № пп | B19: Обоснование | C19: Наименование | D19: Ед. изм. | E19: Кол. | F19: Стоимость единицы, руб. | J19: Общая стоимость, руб. | N19: Т/з осн. раб.на ед. | O19: Т/з осн. раб. Всего | P19: Т/з мех. на ед. | Q19: Т/з мех. Всего
F20: Всего | G20: В том числе | J20: Всего | K20: В том числе
G21: Осн.З/п | H21: Эк.Маш | I21: З/пМех | K21: Осн.З/п | L21: Эк.Маш | M21: З/пМех
A22: 1 | B22: 2 | C22: 3 | D22: 4 | E22: 5 | F22: 6 | G22: 7 | H22: 8 | I22: 9 | J22: 10 | K22: 11 | L22: 12 | M22: 13 | N22: 14 | O22: 15 | P22: 16 | Q22: 17
A23: 1 | B23: ТЕР06-01-062-05 | C23: Устройство железобетонных конструкций отстойников, резервуаров и прочих сооружений при днищах бункерного типа | D23: 100 м3 | E23: 2.24 | F23: 76007.6 | G23: 36483.1 | H23: 26791.46 | I23: 3722.81 | J23: 170257 | K23: 81722 | L23: 60013 | M23: 8339 | N23: 2692.48 | O23: 6031.16 | P23: 204.55 | Q23: 458.19
A24: 2 | B24: ТСЦ-401-0229 | C24: Бетон гидротехнический (на сульфатостойком портландцементе), класс В25 (М350) | D24: м3 | E24: 227.4 | F24: 703.49 | J24: 159974
A25: 3 | B25: ТСЦ-204-0825 | C25: Каркасы металлические | D25: т | E25: 17.307 | F25: 7470.18 | J25: 129286
A26: 4 | B26: ТСЦ-204-0039 | C26: Надбавки к ценам заготовок за сборку и сварку каркасов и сеток плоских, диаметром 12-16 мм | D26: т | E26: 17.307 | F26: 1743.8 | J26: 30180
A27: 5 | B27: ТЕР06-01-015-07 | C27: Установка закладных деталей весом до 4 кг | D27: 1 т | E27: 0.043 | F27: 9942.61 | G27: 2758.18 | H27: 42.05 | I27: 2.73 | J27: 428 | K27: 119 | L27: 2 | N27: 215.82 | O27: 9.28 | P27: 0.15 | Q27: 0.01
A28: 6 | B28: ТЕР06-01-015-09 | C28: Установка закладных деталей весом более 20 кг | D28: 1 т | E28: 0.131 | F28: 7463.03 | G28: 278.6 | H28: 42.05 | I28: 2.73 | J28: 978 | K28: 36 | L28: 6 | N28: 21.8 | O28: 2.86 | P28: 0.15 | Q28: 0.02
A29: 7 | B29: ТЕР09-03-040-01 | C29: Монтаж защитных ограждений | D29: т | E29: 0.557 | F29: 1553.99 | G29: 1176.74 | H29: 74.63 | I29: 2.18 | J29: 866 | K29: 655 | L29: 42 | M29: 1 | N29: 94.29 | O29: 52.52 | P29: 0.12 | Q29: 0.07
A30: 8 | B30: ТСЦ-201-0778 | C30: Прочие индивидуальные сварные конструкции, масса сборочной единицы до 0,1 т | D30: т | E30: 0.557 | F30: 13506.5 | J30: 7523
A31: 9 | B31: ТЕР13-03-002-04 | C31: Огрунтовка металлических поверхностей за один раз грунтовкой ГФ-021 КОЭФ. К ПОЗИЦИИ: за 2 раза ПЗ=2 (ОЗП=2; ЭМ=2 к расх.; ЗПМ=2; МАТ=2 к расх.; ТЗ=2; ТЗМ=2) | D31: 100 м2 | E31: 0.242 | F31: 834.92 | G31: 159.3 | H31: 20.3 | I31: 0.32 | J31: 202 | K31: 39 | L31: 5 | N31: 10.62 | O31: 2.57 | P31: 0.02
A32: 10 | B32: ТЕР08-01-003-07 | C32: Гидроизоляция обмазочная битумная в 2 слоя по бетону | D32: 100 м2 | E32: 4.37 | F32: 1496.69 | G32: 284.08 | H32: 104.01 | J32: 6541 | K32: 1241 | L32: 455 | N32: 21.2 | O32: 92.64
A33: 11 | B33: ФЕР08-01-005-01 | C33: Устройство гидроизоляции "Пенетрон": толщиной слоя 2 мм КОЭФ. К ПОЗИЦИИ: Приведение расценок ФЕР к территориальному уровню (Письмо УРЦЦС Ц-297 от 12.04.2011) ОЗП=1,41; ЭМ=1,242; ЗПМ=1,41; МАТ=1,052 | D33: 100 м2 | E33: 4.38 | F33: 147.29 | G33: 122.25 | H33: 24.36 | I33: 1.85 | J33: 645 | K33: 535 | L33: 107 | M33: 8 | N33: 10.92 | O33: 47.83 | P33: 0.13 | Q33: 0.57
A34: 12 | B34: ТСЦ-402-0195 | C34: Смесь сухая гидроизоляционная проникающая капиллярная марка "Пенетрон" | D34: кг | E34: 1380 | F34: 77.87 | J34: 107461
A35: 13 | B35: ФЕР08-01-006-01 прим. | C35: Устройство штукатурной гидроизоляции механизированным способом толщиной слоя 10 мм (из расчета 17,5 кг/м2) КОЭФ. К ПОЗИЦИИ: Приведение расценок ФЕР к территориальному уровню (Письмо УРЦЦС Ц-297 от 12.04.2011) ОЗП=1,41; ЭМ=1,242; ЗПМ=1,41; МАТ=1,052 | D35: 100 м2 | E35: 3.82 | F35: 491.77 | G35: 283.37 | H35: 207.28 | I35: 85.81 | J35: 1879 | K35: 1082 | L35: 792 | M35: 328 | N35: 23.56 | O35: 90 | P35: 6.05 | Q35: 23.11
A36: 14 | B36: ФССЦ-101-5363 | C36: Мастика битумная гидроизоляционная холодная КОЭФ. К ПОЗИЦИИ: Приведение расценок ФЕР к территориальному уровню (Письмо УРЦЦС Ц-297 от 12.04.2011) МАТ=1,052 к расх. | D36: т | E36: 6.685 | F36: 11133.06 | J36: 74425
A37: Итого прямые затраты по смете в ценах 2001г. | J37: 690645 | K37: 85429 | L37: 61422 | M37: 8676 | O37: 6328.86 | Q37: 481.97
A38: Итого прямые затраты по смете с учетом коэффициентов к итогам | J38: 694692 | K38: 89103 | L38: 61795 | M38: 9049 | O38: 6328.86 | Q38: 481.97
A39: В том числе, справочно:
A40: Районный к-т 4,3% (Поз. 1-14) | J40: 4047 | K40: 3673 | L40: 373 | M40: 373
A41: Накладные расходы | J41: 103518
A42: В том числе, справочно:
A43: 90% ФОТ (от 725) (Поз. 7-9) | J43: 653
A44: 105% ФОТ (от 94096) (Поз. 1-6) | J44: 98801
A45: 122% ФОТ (от 3331) (Поз. 10-14) | J45: 4064
A46: Сметная прибыль | J46: 64437
A47: В том числе, справочно:
A48: 65% ФОТ (от 94096) (Поз. 1-6) | J48: 61162
A49: 70% ФОТ (от 41) (Поз. 9) | J49: 29
A50: 80% ФОТ (от 3331) (Поз. 10-14) | J50: 2665
A51: 85% ФОТ (от 684) (Поз. 7-8) | J51: 581
A52: Итоги по смете:
A53: Бетонные и железобетонные монолитные конструкции в промышленном строительстве | J53: 654946 | O53: 6043.3 | Q53: 458.22
A54: Строительные металлические конструкции | J54: 9614 | O54: 52.52 | Q54: 0.07
A55: Защита строительных конструкций и оборудования от коррозии | J55: 270 | O55: 2.57
A56: Конструкции из кирпича и блоков | J56: 197817 | O56: 230.47 | Q56: 23.68
A57: Итого | J57: 862647 | O57: 6328.86 | Q57: 481.97
A58: В том числе:
A59: Материалы | J59: 543794
A60: Машины и механизмы | J60: 52746
A61: ФОТ | J61: 98152
A62: Накладные расходы | J62: 103518
A63: Сметная прибыль | J63: 64437
A64: ВСЕГО по смете | J64: 862647 | O64: 6328.86 | Q64: 481.97

Sheet 24841
A1: СОГЛАСОВАНО: | E1: ФГУП "Комбинат "Электрохимприбор" | M1: УТВЕРЖДАЮ:
G2: (наименование стройки) | M2: Зам.генерального директора
A3: _________________ | N3: Е.В. Гордеев
A4: " _____ " ________________ 2013 г. | M4: __________________
G5: ЛОКАЛЬНЫЙ СМЕТНЫЙ РАСЧЕТ № 24841 | M5: "______ " __________2013 г.
G6: (локальная смета)
C8: на | D8: реконструкцию. Поселок Горный. Насосно-фильтровальная станция.
E9: Отстойник-осветлитель промывных вод
E10: (наименование работ и затрат, наименование объекта)
D12: Основание: № 24550-13-ГП
D13: Сметная стоимость строительных работ _______________________________________________________________________________________________ | J13: ___________________________206,251 | L13: тыс. руб.
D14: Средства на оплату труда _______________________________________________________________________________________________ | J14: ___________________________6,128 | L14: тыс. руб.
D15: Сметная трудоемкость _______________________________________________________________________________________________ | J15: _______________________________________________________________________________________________232,17 | L15: чел.час
D16: Материалы _________________________________________________________ | K16: 129,281 тыс.руб.
D17: Составлен(а) в базовых ценах 2001г. в редакции 2009г.
A20: № пп | B20: Обоснование | C20: Наименование | D20: Ед. изм. | E20: Кол. | F20: Стоимость единицы, руб. | J20: Общая стоимость, руб. | N20: Т/з осн. раб.на ед. | O20: Т/з осн. раб. Всего | P20: Т/з мех. на ед. | Q20: Т/з мех. Всего
F21: Всего | G21: В том числе | J21: Всего | K21: В том числе
G22: Осн.З/п | H22: Эк.Маш | I22: З/пМех | K22: Осн.З/п | L22: Эк.Маш | M22: З/пМех
A23: 1 | B23: 2 | C23: 3 | D23: 4 | E23: 5 | F23: 6 | G23: 7 | H23: 8 | I23: 9 | J23: 10 | K23: 11 | L23: 12 | M23: 13 | N23: 14 | O23: 15 | P23: 16 | Q23: 17
A24: Раздел 1. Работы по устройству отстойника-накопителя и канализационных колодцев
A25: Земляные работы
A26: 1 | B26: ТЕР01-02-113-01 | C26: Срезка кустарника и мелколесья в торфяных и переувлажненных грунтах кусторезами на тракторе мощностью 79 кВт (108 л.с.), кустарник и мелколесье густые | D26: 1 га | E26: 0.016 | F26: 567.22 | H26: 567.22 | I26: 94.46 | J26: 9 | L26: 9 | M26: 2 | P26: 5.19 | Q26: 0.08
A27: 2 | B27: ТЕР01-02-116-01 | C27: Сгребание срезанного или выкорчеванного кустарника и мелколесья кустарниковыми граблями на тракторе мощностью 79 кВт (108 л.с.) с перемещением до 20 м, кустарник и мелколесье густые | D27: 1 га | E27: 0.016 | F27: 374.37 | H27: 374.37 | I27: 57.19 | J27: 6 | L27: 6 | M27: 1 | P27: 3.38 | Q27: 0.05
A28: 3 | B28: ТЕР01-02-120-04 | C28: Сжигание с перетряхиванием валов из кустарников, мелколесья и корней корчевателями-собирателями на тракторе мощностью 79 кВт (108 л.с.), кустарник и мелколесье густые | D28: 1 га | E28: 0.016 | F28: 1343.84 | G28: 576.24 | H28: 256.1 | I28: 34.36 | J28: 22 | K28: 9 | L28: 4 | M28: 1 | N28: 51.04 | O28: 0.82 | P28: 2.35 | Q28: 0.04
A29: 4 | B29: ТЕР01-02-121-04 | C29: Повторное сжигание с перетряхиванием валов из кустарников, мелколесья и корней корчевателями-собирателями на тракторе мощностью 79 кВт (108 л.с.), кустарник и мелколесье густое | D29: 1 га | E29: 0.016 | F29: 1012.59 | G29: 345.25 | H29: 155.84 | I29: 20.91 | J29: 16 | K29: 6 | L29: 2 | N29: 30.58 | O29: 0.49 | P29: 1.43 | Q29: 0.02
A30: 5 | B30: ТЕР01-01-030-06 | C30: Разработка грунта с перемещением до 10 м бульдозерами мощностью 79 кВт (108 л.с.), группа грунтов 2 (снятие растительного слоя) | D30: 1000 м3 | E30: 0.0476 | F30: 798.73 | H30: 798.73 | I30: 126.73 | J30: 38 | L30: 38 | M30: 6 | P30: 7.49 | Q30: 0.36
A31: 6 | B31: ТЕР01-02-091-03 | C31: Механизированная разработка скальных грунтов с зачисткой недобора и выкидкой грунтов на бровку, группа грунтов 6 | D31: 100 м3 | E31: 0.9724 | F31: 10755.78 | G31: 292.26 | H31: 10463.52 | I31: 1086.69 | J31: 10459 | K31: 284 | L31: 10175 | M31: 1057 | N31: 23.14 | O31: 22.5 | P31: 66.02 | Q31: 64.2
A32: 7 | B32: ТЕР01-02-002-03 | C32: Уплотнение грунта прицепными кулачковыми катками 8 т на первый проход по одному следу при толщине слоя 20 см | D32: 1000 м3 | E32: 0.059 | F32: 2463.05 | H32: 2463.05 | I32: 385.1 | J32: 145 | L32: 145 | M32: 23 | P32: 22.76 | Q32: 1.34
A33: 8 | B33: ТЕР01-02-002-06 | C33: На каждый последующий проход по одному следу добавлять к расценке 01-02-002-03 КОЭФ. К ПОЗИЦИИ: Новый коэффициент ПЗ=7 (ОЗП=7; ЭМ=7 к расх.; ЗПМ=7; МАТ=7 к расх.; ТЗ=7; ТЗМ=7) | D33: 1000 м3 | E33: 0.059 | F33: 550.13 | H33: 550.13 | I33: 79.38 | J33: 32 | L33: 32 | M33: 5 | P33: 4.69 | Q33: 0.28
A34: 9 | B34: ТЕР01-01-037-01 | C34: Засыпка траншей и котлованов предварительно разрыхленным скальным грунтом с перемещением до 10 м бульдозерами мощностью 79 кВт (108 л.с.) | D34: 1000 м3 | E34: 0.4435 | F34: 2346.08 | H34: 2346.08 | I34: 372.24 | J34: 1040 | L34: 1040 | M34: 165 | P34: 22 | Q34: 9.76
A35: 10 | B35: ТЕР01-01-037-04 | C35: При перемещении грунта на каждые 10 м добавлять к расценке 01-01-037-01 КОЭФ. К ПОЗИЦИИ: ПЗ=2 (ОЗП=2; ЭМ=2 к расх.; ЗПМ=2; МАТ=2 к расх.; ТЗ=2; ТЗМ=2) | D35: 1000 м3 грунта | E35: 0.4435 | F35: 1876.86 | H35: 1876.86 | I35: 297.8 | J35: 832 | L35: 832 | M35: 132 | P35: 17.6 | Q35: 7.81
A36: 11 | B36: ТЕР01-01-044-08 | C36: Возведение насыпей из резервов экскаваторами «драглайн» с ковшом вместимостью 0,65 м3, группа грунтов 4 | D36: 1000 м3 грунта | E36: 0.1479 | F36: 7436.68 | G36: 83.19 | H36: 7353.49 | I36: 876.29 | J36: 1100 | K36: 12 | L36: 1088 | M36: 130 | N36: 7.57 | O36: 1.12 | P36: 51.79 | Q36: 7.66
A37: 12 | B37: ТЕР01-02-002-03 | C37: Уплотнение грунта прицепными кулачковыми катками 8 т на первый проход по одному следу при толщине слоя 20 см | D37: 1000 м3 | E37: 0.1479 | F37: 2463.05 | H37: 2463.05 | I37: 385.1 | J37: 364 | L37: 364 | M37: 57 | P37: 22.76 | Q37: 3.37
A38: 13 | B38: ТЕР01-02-002-06 | C38: На каждый последующий проход по одному следу добавлять к расценке 01-02-002-03 КОЭФ. К ПОЗИЦИИ: Новый коэффициент ПЗ=8 (ОЗП=8; ЭМ=8 к расх.; ЗПМ=8; МАТ=8 к расх.; ТЗ=8; ТЗМ=8) | D38: 1000 м3 | E38: 0.1479 | F38: 628.72 | H38: 628.72 | I38: 90.72 | J38: 93 | L38: 93 | M38: 13 | P38: 5.36 | Q38: 0.79
A39: 14 | B39: ТЕР01-01-013-11 | C39: Разработка грунта с погрузкой на автомобили-самосвалы экскаваторами с ковшом вместимостью 0,65 (0,5-1) м3, группа грунтов 5 (лишний грунт) | D39: 1000 м3 | E39: 0.381 | F39: 10996.76 | G39: 274.09 | H39: 10713.74 | I39: 1224.67 | J39: 4190 | K39: 104 | L39: 4082 | M39: 467 | N39: 24.94 | O39: 9.5 | P39: 72.38 | Q39: 27.58
A40: 15 | B40: СЦП3-3-18-1 | C40: Перевозка грузов автомобилями-самосвалами (работающими вне карьеров): расстояние 18 км, класс груза I КОЭФ. К ПОЗИЦИИ: При перевозке грузов к провозной плате (тарифам) применять поправочный коэффициент ПЗ=1,37 (ОЗП=1,37; ЭМ=1,37 к расх.; ЗПМ=1,37; МАТ=1,37 к расх.; ТЗ=1,37; ТЗМ=1,37) | D40: т | E40: 762 | F40: 30.85 | H40: 30.85 | J40: 23508 | L40: 23508
A41: 16 | B41: ТЕР01-01-036-02 | C41: Планировка площадей бульдозерами мощностью 79 кВт (108 л.с.) (лишний растительный грунт) | D41: 1000 м2 | E41: 0.24 | F41: 26.66 | H41: 26.66 | I41: 4.23 | J41: 6 | L41: 6 | M41: 1 | P41: 0.25 | Q41: 0.06
A42: 17 | B42: ТЕР01-02-040-02 | C42: Укрепление откосов земляных сооружений посевом многолетних трав механизированным способом | D42: 100 м2 | E42: 1.927 | F42: 447.88 | H42: 441 | I42: 43.04 | J42: 863 | L42: 850 | M42: 83 | P42: 2.55 | Q42: 4.91
A43: 18 | B43: ТСЦ-414-0137 | C43: Семена газонных трав (смесь) | D43: кг | E43: 5.2 | F43: 95.2 | J43: 495
A44: Устройство подготовки под фундаменты
A45: 19 | B45: ТЕР08-01-002-01 | C45: Устройство основания под фундаменты песчаного | D45: 1 м3 | E45: 29.7 | F45: 238.3 | G45: 26.47 | H45: 41.11 | I45: 4.09 | J45: 7078 | K45: 786 | L45: 1221 | M45: 121 | N45: 2.3 | O45: 68.31 | P45: 0.29 | Q45: 8.61
A46: 20 | B46: ТЕР06-01-001-15 | C46: Устройство фундаментных плит бетонных плоских | D46: 100 м3 | E46: 0.256 | F46: 61831.22 | G46: 1403.01 | H46: 4954.82 | I46: 353.03 | J46: 15829 | K46: 359 | L46: 1268 | M46: 90 | N46: 116.82 | O46: 29.91 | P46: 19.44 | Q46: 4.98
A47: 21 | B47: ТЕР11-01-011-01 | C47: Устройство стяжек цементных толщиной 20 мм | D47: 100 м2 | E47: 0.15 | F47: 515.46 | G47: 442.12 | H47: 56.26 | I47: 19.84 | J47: 77 | K47: 66 | L47: 8 | M47: 3 | N47: 39.51 | O47: 5.93 | P47: 1.27 | Q47: 0.19
A48: 22 | B48: ТСЦ-402-0004 прим. | C48: Раствор готовый кладочный цементно-песчаный марки 100 | D48: м3 | E48: 0.306 | F48: 673.2 | J48: 206
A49: Раздел 2. Работы по устройству автодороги
A50: Земляные работы
A51: 23 | B51: ТЕР01-02-113-01 | C51: Срезка кустарника и мелколесья в торфяных и переувлажненных грунтах кусторезами на тракторе мощностью 79 кВт (108 л.с.), кустарник и мелколесье густые | D51: 1 га | E51: 0.0195 | F51: 567.22 | H51: 567.22 | I51: 94.46 | J51: 11 | L51: 11 | M51: 2 | P51: 5.19 | Q51: 0.1
A52: 24 | B52: ТЕР01-02-116-01 | C52: Сгребание срезанного или выкорчеванного кустарника и мелколесья кустарниковыми граблями на тракторе мощностью 79 кВт (108 л.с.) с перемещением до 20 м, кустарник и мелколесье густые | D52: 1 га | E52: 0.0195 | F52: 374.37 | H52: 374.37 | I52: 57.19 | J52: 7 | L52: 7 | M52: 1 | P52: 3.38 | Q52: 0.07
A53: 25 | B53: ТЕР01-02-120-04 | C53: Сжигание с перетряхиванием валов из кустарников, мелколесья и корней корчевателями-собирателями на тракторе мощностью 79 кВт (108 л.с.), кустарник и мелколесье густые | D53: 1 га | E53: 0.0195 | F53: 1343.84 | G53: 576.24 | H53: 256.1 | I53: 34.36 | J53: 26 | K53: 11 | L53: 5 | M53: 1 | N53: 51.04 | O53: 1 | P53: 2.35 | Q53: 0.05
A54: 26 | B54: ТЕР01-02-121-04 | C54: Повторное сжигание с перетряхиванием валов из кустарников, мелколесья и корней корчевателями-собирателями на тракторе мощностью 79 кВт (108 л.с.), кустарник и мелколесье густое | D54: 1 га | E54: 0.0195 | F54: 1012.59 | G54: 345.25 | H54: 155.84 | I54: 20.91 | J54: 20 | K54: 7 | L54: 3 | N54: 30.58 | O54: 0.6 | P54: 1.43 | Q54: 0.03
A55: 27 | B55: ТЕР01-01-030-06 | C55: Разработка грунта с перемещением до 10 м бульдозерами мощностью 79 кВт (108 л.с.), группа грунтов 2 (снятие растительного слоя) | D55: 1000 м3 | E55: 0.0584 | F55: 798.73 | H55: 798.73 | I55: 126.73 | J55: 47 | L55: 47 | M55: 7 | P55: 7.49 | Q55: 0.44
A56: 28 | B56: ТЕР01-01-030-06 | C56: Разработка грунта с перемещением до 10 м бульдозерами мощностью 79 кВт (108 л.с.), группа грунтов 2 (срезка грунта, насыпь) | D56: 1000 м3 | E56: 0.104 | F56: 798.73 | H56: 798.73 | I56: 126.73 | J56: 83 | L56: 83 | M56: 13 | P56: 7.49 | Q56: 0.78
A57: 29 | B57: ТЕР01-01-030-06 | C57: Разработка грунта с перемещением до 10 м бульдозерами мощностью 79 кВт (108 л.с.), группа грунтов 2 (корыто) | D57: 1000 м3 | E57: 0.1123 | F57: 798.73 | H57: 798.73 | I57: 126.73 | J57: 90 | L57: 90 | M57: 14 | P57: 7.49 | Q57: 0.84
A58: 30 | B58: ТЕР01-02-002-03 | C58: Уплотнение грунта прицепными кулачковыми катками 8 т на первый проход по одному следу при толщине слоя 20 см | D58: 1000 м3 | E58: 0.052 | F58: 2463.05 | H58: 2463.05 | I58: 385.1 | J58: 128 | L58: 128 | M58: 20 | P58: 22.76 | Q58: 1.18
A59: 31 | B59: ТЕР01-02-002-06 | C59: На каждый последующий проход по одному следу добавлять к расценке 01-02-002-03 КОЭФ. К ПОЗИЦИИ: Новый коэффициент ПЗ=7 (ОЗП=7; ЭМ=7 к расх.; ЗПМ=7; МАТ=7 к расх.; ТЗ=7; ТЗМ=7) | D59: 1000 м3 | E59: 0.052 | F59: 550.13 | H59: 550.13 | I59: 79.38 | J59: 29 | L59: 29 | M59: 4 | P59: 4.69 | Q59: 0.24
A60: 32 | B60: ТЕР01-01-033-04 | C60: Засыпка траншей и котлованов с перемещением грунта до 5 м бульдозерами мощностью 79 кВт (108 л.с.), группа грунтов 1 | D60: 1000 м3 | E60: 0.0068 | F60: 373.24 | H60: 373.24 | I60: 59.22 | J60: 3 | L60: 3 | P60: 3.5 | Q60: 0.02
A61: 33 | B61: ТЕР01-01-033-10 | C61: При перемещении грунта на каждые последующие 5 м добавлять к расценке 01-01-033-04 КОЭФ. К ПОЗИЦИИ: ПЗ=5 (ОЗП=5; ЭМ=5 к расх.; ЗПМ=5; МАТ=5 к расх.; ТЗ=5; ТЗМ=5) | D61: 1000 м3 | E61: 0.0068 | F61: 922.45 | H61: 922.45 | I61: 146.35 | J61: 6 | L61: 6 | M61: 1 | P61: 8.65 | Q61: 0.06
A62: 34 | B62: ТЕР01-01-013-07 | C62: Разработка грунта с погрузкой на автомобили-самосвалы экскаваторами с ковшом вместимостью 0,65 (0,5-1) м3, группа грунтов 1 (лишний грунт) | D62: 1000 м3 | E62: 0.202 | F62: 4089.05 | G62: 101.99 | H62: 3983.23 | I62: 455.32 | J62: 826 | K62: 21 | L62: 805 | M62: 92 | N62: 9.28 | O62: 1.87 | P62: 26.91 | Q62: 5.44
A63: 35 | B63: СЦП3-3-18-1 | C63: Перевозка грузов автомобилями-самосвалами (работающими вне карьеров): расстояние 18 км, класс груза I КОЭФ. К ПОЗИЦИИ: При перевозке грузов к провозной плате (тарифам) применять поправочный коэффициент ПЗ=1,37 (ОЗП=1,37; ЭМ=1,37 к расх.; ЗПМ=1,37; МАТ=1,37 к расх.; ТЗ=1,37; ТЗМ=1,37) | D63: т | E63: 364 | F63: 30.85 | H63: 30.85 | J63: 11229 | L63: 11229
A64: 36 | B64: ТЕР01-01-036-02 | C64: Планировка площадей бульдозерами мощностью 79 кВт (108 л.с.) (лишний растительный грунт) | D64: 1000 м2 | E64: 0.29 | F64: 26.66 | H64: 26.66 | I64: 4.23 | J64: 8 | L64: 8 | M64: 1 | P64: 0.25 | Q64: 0.07
A65: 37 | B65: ТЕР01-02-040-02 | C65: Укрепление откосов земляных сооружений посевом многолетних трав механизированным способом | D65: 100 м2 | E65: 1.512 | F65: 447.88 | H65: 441 | I65: 43.04 | J65: 677 | L65: 667 | M65: 65 | P65: 2.55 | Q65: 3.86
A66: 38 | B66: ТСЦ-414-0137 | C66: Семена газонных трав (смесь) | D66: кг | E66: 4.08 | F66: 95.2 | J66: 388
A67: Устройство дорожной одежды автодороги
A68: 39 | B68: ТЕР27-04-015-03 | C68: Устройство щебеночных оснований, обработанных в верхней части песком, толщина слоя 20 см с уплотнением кулачковыми катками | D68: 1000 м2 | E68: 0.213 | F68: 6894.42 | G68: 419.42 | H68: 3698.71 | I68: 458.44 | J68: 1469 | K68: 89 | L68: 788 | M68: 98 | N68: 37.15 | O68: 7.91 | P68: 26.53 | Q68: 5.65
A69: 40 | B69: ТСЦ-408-0012 | C69: Щебень из природного камня для строительных работ марка 1000, фракция 40-70 мм | D69: м3 | E69: 55.3 | F69: 125.95 | J69: 6965
A70: 41 | B70: ТСЦ-408-0141 | C70: Песок природный для строительных растворов средний | D70: м3 | E70: 14.2 | F70: 141.66 | J70: 2012
A71: 42 | B71: ТЕР27-06-002-17 | C71: Устройство бетонных покрытий однослойных средствами малой механизации, толщина слоя 20 см | D71: 1000 м2 | E71: 0.029 | F71: 42277.01 | G71: 4100.37 | H71: 5246.8 | I71: 753.07 | J71: 1226 | K71: 119 | L71: 152 | M71: 22 | N71: 344.28 | O71: 9.98 | P71: 48.15 | Q71: 1.4
A72: 43 | B72: ТЕР27-06-002-18 | C72: На каждый 1 см изменения толщины слоя добавлять или исключать к расценке 27-06-002-17 КОЭФ. К ПОЗИЦИИ: изменение толщины слоя ПЗ=2 (ОЗП=2; ЭМ=2 к расх.; ЗПМ=2; МАТ=2 к расх.; ТЗ=2; ТЗМ=2) | D72: 1000 м2 | E72: -0.029 | F72: 2640.76 | G72: 145.06 | H72: 104.26 | I72: 29.7 | J72: -77 | K72: -4 | L72: -3 | M72: -1 | N72: 12.18 | O72: -0.35 | P72: 2.42 | Q72: -0.07
A73: 44 | B73: ТСЦ-401-0126 | C73: Бетон дорожный, крупность заполнителя более 40 мм, класс В15 (М200) | D73: м3 | E73: 5.3244 | F73: 577.75 | J73: 3076
A74: 45 | B74: ТЕР27-06-001-03 | C74: Устройство дорожных покрытий из сборных прямоугольных железобетонных плит площадью до 10,5 м2 | D74: 100 м3 | E74: 0.413 | F74: 15092.14 | G74: 1848.64 | H74: 9786.17 | I74: 853.26 | J74: 6233 | K74: 763 | L74: 4042 | M74: 352 | N74: 139.52 | O74: 57.62 | P74: 49.84 | Q74: 20.58
A75: 46 | B75: ТСЦ-403-5553 прим. | C75: Плиты дорожные 1П30.15.-30 /бетон В22,5 (М300), объем 0,88 м3, расход ар-ры 46,48 кг/ (ГОСТ 21924.2-84) | D75: шт. | E75: 51 | F75: 1753.94 | J75: 89451
A76: Раздел 3. Работы по устройству отмостки
A77: 47 | B77: ТЕР08-01-002-01 | C77: Устройство основания под фундаменты песчаного | D77: 1 м3 | E77: 2.2 | F77: 238.3 | G77: 26.47 | H77: 41.11 | I77: 4.09 | J77: 524 | K77: 58 | L77: 90 | M77: 9 | N77: 2.3 | O77: 5.06 | P77: 0.29 | Q77: 0.64
A78: 48 | B78: ТЕР06-01-001-01 | C78: Устройство бетонной подготовки | D78: 100 м3 | E78: 0.051 | F78: 9627.53 | G78: 1978.2 | H78: 4648.35 | I78: 327.6 | J78: 491 | K78: 101 | L78: 237 | M78: 17 | N78: 180 | O78: 9.18 | P78: 18 | Q78: 0.92
A79: 49 | B79: ТСЦ-401-0063 | C79: Бетон тяжелый, крупность заполнителя 20 мм, класс В7,5 (М100) | D79: м3 | E79: 5.2 | F79: 562.22 | J79: 2924
A80: 50 | B80: ТЕР06-01-015-10 | C80: Армирование подстилающих слоев и набетонок | D80: 1 т | E80: 0.057 | F80: 438.07 | G80: 157.75 | H80: 44.41 | I80: 2.91 | J80: 25 | K80: 9 | L80: 3 | N80: 12.64 | O80: 0.72 | P80: 0.16 | Q80: 0.01
A81: 51 | B81: ТСЦ-101-3891 прим. | C81: Сетка сварная из арматурной проволоки диаметром 4,0 мм, без покрытия, 100х100 мм | D81: м2 | E81: 30.03 | F81: 32.55 | J81: 977
A82: Итого прямые затраты по смете в ценах 2001г. | J82: 195282 | K82: 2800 | L82: 63201 | M82: 3075 | O82: 232.17 | Q82: 184.4
A83: Итого прямые затраты по смете с учетом коэффициентов к итогам | J83: 195535 | K83: 2921 | L83: 63333 | M83: 3207 | O83: 232.17 | Q83: 184.4
A84: В том числе, справочно:
A85: Районный к-т 4,3% (Поз. 1-4, 6, 17-18, 23-26, 37-38, 5, 7-14, 16, 27-34, 36, 19, 41, 47, 20, 48-51, 21-22, 39-40, 42-45) | J85: 253 | K85: 120 | L85: 132 | M85: 132
A86: Накладные расходы | J86: 6643
A87: В том числе, справочно:
A88: 80% ФОТ (от 1596) (Поз. 1-4, 6, 17-18, 23-26, 37-38) | J88: 1277
A89: 95% ФОТ (от 1343) (Поз. 5, 7-14, 16, 27-34, 36) | J89: 1276
A90: 105% ФОТ (от 601) (Поз. 20, 48-51) | J90: 631
A91: 122% ФОТ (от 1016) (Поз. 19, 41, 47) | J91: 1240
A92: 123% ФОТ (от 72) (Поз. 21-22) | J92: 89
A93: 142% ФОТ (от 1500) (Поз. 39-40, 42-45) | J93: 2130
A94: Сметная прибыль | J94: 4073
A95: В том числе, справочно:
A96: 45% ФОТ (от 1596) (Поз. 1-4, 6, 17-18, 23-26, 37-38) | J96: 718
A97: 50% ФОТ (от 1343) (Поз. 5, 7-14, 16, 27-34, 36) | J97: 672
A98: 65% ФОТ (от 601) (Поз. 20, 48-51) | J98: 391
A99: 75% ФОТ (от 72) (Поз. 21-22) | J99: 54
A100: 80% ФОТ (от 1016) (Поз. 19, 41, 47) | J100: 813
A101: 95% ФОТ (от 1500) (Поз. 39-40, 42-45) | J101: 1425
A102: Итоги по смете:
A103: Земляные работы, выполняемые по другим видам работ (подготовительным, сопутствующим, укрепительным) | J103: 15060 | O103: 25.41 | Q103: 73.41
A104: Земляные работы, выполняемые механизированным способом | J104: 11063 | O104: 12.49 | Q104: 68.08
...

Sheet НМЦ
A1: г. Лесной ФГУП "Комбинат "Электрохимприбор"
A3: Расчет начальной (максимальной) цены
A5: Строительство отстойника-осветлителя промывных вод насосно-фильтровальной станции поселка Горный
A6: ФГУП «Комбинат «Электрохимприбор»
A9: Составлен в ценах по состоянию на 01.01.2000 г. с переводом в текущие | D9: руб.
A10: Наименование глав ССР, объектных сметных расчетов, локальных сметных расчетов, видов работ | B10: Сметная стоимость в базисных ценах на 01.01.2000 | C10: Текущая стоимость на момент определения начальной (максимальной) цены | D10: № обосновывающего расчета
A14: 1 | B14: 2 | C14: 3 | D14: 4
A15: Теплосеть | B15: ='Сводка затрат'!H13 -> 113355 | C15: =ROUND('Сводка затрат'!D13*5.56+'Сводка затрат'!E13*5.56+'Сводка затрат'!F13*4.19,0) -> 630254 | D15: 24802
A16: Реконструкция наружной канализации | B16: ='Сводка затрат'!H14 -> 59432 | C16: =ROUND('Сводка затрат'!D14*5.56+'Сводка затрат'!E14*5.56+'Сводка затрат'!F14*4.19,0) -> 330442 | D16: 24818
A17: Перенос канализации | B17: ='Сводка затрат'!H15 -> 157322 | C17: =ROUND('Сводка затрат'!D15*5.56+'Сводка затрат'!E15*5.56+'Сводка затрат'!F15*4.19,0) -> 859283 | D17: 24820
A18: Реконструкция | B18: ='Сводка затрат'!H16 -> 862647 | C18: =ROUND('Сводка затрат'!D16*5.56+'Сводка затрат'!E16*5.56+'Сводка затрат'!F16*4.19,0) -> 4796317 | D18: 24831
A19: Реконструкция | B19: ='Сводка затрат'!H17 -> 206251 | C19: =ROUND('Сводка затрат'!D17*5.56+'Сводка затрат'!E17*5.56+'Сводка затрат'!F17*4.19,0) -> 1146756 | D19: 24841
A20: Итого | B20: =SUM(B15:B19) -> 1399007 | C20: =SUM(C15:C19) -> 7763052
A22: НДС 18% | C22: =ROUND(C20*18%,2) -> 1397349.4
A24: Всего | C24: =SUM(C20:C23) -> 9160401.4
A27: Начальник отдела
A28: капитального строительства | C28: В.В. Моляков
A30: Инженер по проектно-сметной работе | C30: Т.Ш. Ковязина
A33: Согласовано | C33: отдел 028

Sheet Сводка затрат
A1: Приложение №__ к договору от "__"______2013 №_______
A3: г. Лесной. ФГУП "Комбинат "Электрохимприбор"
A5: Сводка затрат
A7: Строительство отстойника-осветлителя промывных вод насосно-фильтровальной станции поселка Горный
A9: Составлен в ценах по состоянию на 01.01.2000 г.
A10: № п/п | B10: Номера сметных расчетов и смет | C10: Наименование работ и затрат | D10: Сметная стоимость | H10: Общая сметная стоимость, руб.
D11: строительных работ | E11: монтажных работ | F11: оборудования, мебели, инвентаря | G11: прочих затрат
A12: 1 | B12: 2 | C12: 3 | D12: 4 | E12: 5 | F12: 6 | G12: 7 | H12: 8
A13: 1 | B13: 24802 | C13: Теплосеть | D13: ='24802'!J116 -> 106612 | E13: ='24802'!J117 -> 6743 | F13: 0 | G13: 0 | H13: =SUM(D13:G13) -> 113355
A14: 2 | B14: 24818 | C14: Реконструкция наружной канализации | D14: ='24818'!J87 -> 59432 | E14: 0 | F14: 0 | G14: 0 | H14: =SUM(D14:G14) -> 59432
A15: 3 | B15: 24820 | C15: Перенос канализации | D15: ='24820'!K66 -> 144699 | E15: ='24820'!K67 -> 1362 | F15: ='24820'!K68 -> 11261 | G15: 0 | H15: =SUM(D15:G15) -> 157322
A16: 4 | B16: 24831 | C16: Реконструкция | D16: ='24831'!J64 -> 862647 | E16: 0 | F16: 0 | G16: 0 | H16: =SUM(D16:G16) -> 862647
A17: 5 | B17: 24841 | C17: Реконструкция | D17: ='24841'!J118 -> 206251 | E17: 0 | F17: 0 | G17: 0 | H17: =SUM(D17:G17) -> 206251
C18: Итого в базисных ценах 2001 г. | D18: =SUM(D13:D17) -> 1379641 | E18: =SUM(E13:E17) -> 8105 | F18: =SUM(F13:F17) -> 11261 | G18: =SUM(G13:G17) -> 0 | H18: =SUM(D18:G18) -> 1399007
C19: Всего в ценах 2013 (Ксмр=5,56, Коб.=4,19) | D19: =ROUND(D18*5.56,0) -> 7670804 | E19: =ROUND(E18*5.56,0) -> 45064 | F19: =ROUND(F18*4.19,0) -> 47184 | G19: =ROUND(G18*9.32,0) -> 0 | H19: =SUM(D19:G19) -> 7763052
C20: НДС 18% | D20: =ROUND(D19*18%,2) -> 1380744.7 | E20: =ROUND(E19*18%,2) -> 8111.52 | F20: =ROUND(F19*18%,2) -> 8493.12 | G20: =ROUND(G19*18%,2) -> 0 | H20: =SUM(D20:G20) -> 1397349.4
C21: Всего в ценах 2013 с НДС | D21: =SUM(D19:D20) -> 9051548.7 | E21: =SUM(E19:E20) -> 53175.52 | F21: =SUM(F19:F20) -> 55677.12 | G21: =SUM(G19:G20) -> 0 | H21: =SUM(D21:G21) -> 9160401.4
C25: ЗАКАЗЧИК: | F25: ПОДРЯДЧИК:
C26: Генеральный директор
C27: ФГУП "Комбинат "Электрохимприбор"
C29: __________________ А.В. Новиков
